AoeStats
← Cinnamoroll

Black Forest

506329499Analyzed
4v4 RM · 19d ago on Sep 13, 2026· 57m 36s· 8 players
Game mode
Random Map
Map size
Large (8 player)
Population
200
Speed
Normal
Resources
Standard
Victory
Conquest
Starting age
Dark Age
Ending age
Imperial Age
RankedLock teamsTeams togetherTeam positionsShared explorationLock speedFull tech treeHidden civsTurbo modeCheats
Victory
Defeat
🇨🇳 Khitans · China
1721
+12
🇩🇪 Georgians · Germany
1712
+13
🇺🇸 Lithuanians · United States
1671
+14
🇭🇰 Maya · Hong Kong SAR China
1660
+15
🇺🇸 Tatars · United States
1730
-17
🇦🇺 Mongols · Australia
1725
-17
🇨🇦 Romans · Canada
1555
-10
🇫🇮 Khmer · Finland
1552
-10
色狼英雄传
0:28 Loom
9:08 Feudal Age
9:49 Town Watch
9:51 Double-Bit Axe
22:37 Castle Age
22:03 Fishing Lines
22:16 Gold Mining
22:18 Stone Mining
22:53 Horse Collar
23:31 Bow Saw
26:31 Heavy Plow
31:39 Imperial Age
36:52 Crossbowman
36:53 Elite Skirmisher
37:27 Fletching
37:37 Padded Archer Armor
37:59 Ballistics
37:21 Treadmill Crane
38:25 Wheelbarrow
38:20 Bodkin Arrow
39:33 Leather Archer Armor
40:02 Conscription
40:32 Masonry
41:17 Stone Shaft Mining
40:39 Onager
42:21 Ring Archer Armor
43:02 Bracer
44:22 Chemistry
44:02 Hul'che Javelineers
44:45 Architecture
44:01 Capped Ram
45:12 Scale Mail Armor
45:23 Forging
47:50 Hoardings
48:50 Hand Cart
50:08 Siege Ram
51:43 Thumb Ring
58:25 Coinage
57:58 Caravan
MrWrong
12:14 Feudal Age
13:04 Double-Bit Axe
15:55 Castle Age
16:48 Bow Saw
22:39 Fishing Lines
26:26 Wheelbarrow
25:44 Gillnets
26:06 Horse Collar
26:24 Loom
28:10 Hand Cart
31:25 Imperial Age
29:38 Scale Barding Armor
30:18 Forging
30:26 Bloodlines
30:42 Chain Barding Armor
31:05 Forging
30:58 Husbandry
31:38 Cavalier
32:54 Plate Barding Armor
32:47 Conscription
33:04 Paladin
38:09 Coinage
38:11 Caravan
39:30 Banking
39:56 Iron Casting
41:40 Chemistry
48:06 Light Cavalry
55:24 Winged Hussar
LM \ Molle
11:34 Feudal Age
15:28 Castle Age
13:18 Double-Bit Axe
13:39 Fishing Lines
16:27 Bow Saw
16:09 Gillnets
19:51 Sanctity
20:25 Fervor
23:23 Redemption
24:23 Wheelbarrow
25:48 Loom
25:48 Town Watch
27:31 Gold Mining
27:31 Stone Mining
30:24 Hand Cart
33:50 Imperial Age
32:06 Treadmill Crane
32:16 Guard Tower
33:31 Masonry
33:13 Fletching
34:25 Ballistics
34:01 Bodkin Arrow
33:53 Capped Ram
35:15 Keep
34:48 Svan Towers
35:04 Conscription
35:38 Theocracy
35:18 Block Printing
35:05 Devotion
34:43 Onager
36:10 Architecture
35:41 Bracer
35:23 Siege Ram
36:27 Caravan
37:33 Hoardings
38:14 Horse Collar
39:00 Siege Engineers
39:56 Chemistry
38:44 Arrowslits
40:01 Chemistry
39:44 Pikeman
40:25 Squires
43:05 Siege Engineers
44:24 Guilds
45:06 Scale Mail Armor
45:17 Forging
47:42 Coinage
47:06 Halberdier
47:32 Arson
47:31 Siege Onager
49:10 Chain Mail Armor
49:30 Iron Casting
50:19 Banking
53:20 Plate Mail Armor
53:50 Blast Furnace
52:54 Heavy Plow
53:30 Stone Shaft Mining
十大地方
1:18 Loom
1:43 Loom
12:12 Feudal Age
16:17 Castle Age
14:13 Double-Bit Axe
17:13 Bow Saw
17:39 Fishing Lines
18:57 Gold Mining
19:14 Fletching
27:01 Wheelbarrow
26:13 Town Watch
26:23 Stone Mining
29:21 Imperial Age
28:04 Padded Archer Armor
28:03 Bodkin Arrow
28:15 Domestication
30:12 Ballistics
30:14 Bracer
30:19 Husbandry
30:36 Scale Barding Armor
33:03 Chemistry
33:39 Chain Barding Armor
33:56 Forging
33:40 Heavy Camel Rider
35:00 Thumb Ring
36:43 Two-Man Saw
35:45 Padded Archer Armor
37:23 Plate Barding Armor
36:58 Heavy Cavalry Archer
38:59 Conscription
39:09 Parthian Tactics
39:35 Leather Archer Armor
39:55 Iron Casting
38:42 Light Cavalry
40:30 Treadmill Crane
41:00 Masonry
40:56 Siege Engineers
41:25 Caravan
43:08 Ring Archer Armor
46:04 Hussar
57:08 Coinage
57:41 Guilds
Quix
0:43 Loom
10:21 Feudal Age
10:50 Double-Bit Axe
16:04 Castle Age
14:20 Horse Collar
17:01 Bow Saw
22:19 Fletching
28:40 Scale Barding Armor
33:42 Imperial Age
31:27 Bodkin Arrow
31:46 Padded Archer Armor
33:10 Leather Archer Armor
33:27 Ballistics
34:01 Wheelbarrow
34:25 Bracer
35:08 Ring Archer Armor
35:43 Chemistry
40:10 Masonry
40:06 Siege Engineers
39:58 Heavy Cavalry Archer
41:48 Hand Cart
43:48 Elite Skirmisher
45:42 Ring Archer Armor
46:39 Chain Barding Armor
46:00 Light Cavalry
46:41 Husbandry
46:52 Forging
52:05 Plate Barding Armor
55:14 Fortified Wall
56:57 Town Watch
57:30 Treadmill Crane
Cinnamoroll
7:11 Loom
12:45 Feudal Age
16:37 Castle Age
14:23 Double-Bit Axe
14:55 Fishing Lines
15:41 Horse Collar
19:04 Heavy Plow
20:43 Bow Saw
22:15 Wheelbarrow
22:05 Light Cavalry
24:04 Husbandry
25:00 Scale Barding Armor
25:56 Gillnets
26:30 Chain Barding Armor
27:26 Forging
30:28 Pikeman
31:08 Squires
31:48 Hand Cart
34:28 Imperial Age
31:44 Town Watch
32:13 Scale Mail Armor
33:31 Chain Mail Armor
33:44 Devotion
35:02 Iron Casting
35:26 Ballistics
34:43 Halberdier
35:43 Capped Ram
37:38 Blast Furnace
39:41 Siege Ram
46:15 Onager
wza
0:54 Loom
5:56 Loom
12:07 Feudal Age
13:21 Town Watch
14:54 Double-Bit Axe
14:50 Horse Collar
22:17 Castle Age
20:40 Fletching
23:17 Bow Saw
23:08 Heavy Plow
25:06 Fishing Lines
31:44 Gold Mining
36:11 Imperial Age
36:23 Capped Ram
36:27 Heavy Scorpion
38:08 Bodkin Arrow
38:40 Caravan
39:27 Conscription
43:13 Crop Rotation
42:45 Bracer
42:45 Padded Archer Armor
43:34 Double Crossbow
43:34 Elite Ballista Elephant
46:28 Ballistics
47:09 Chemistry
47:27 Leather Archer Armor
56:21 Wheelbarrow
55:46 Town Patrol
Pez
11:53 Feudal Age
12:51 Double-Bit Axe
15:45 Castle Age
15:24 Fishing Lines
17:52 Fletching
18:24 Bow Saw
19:02 Loom
19:02 Town Watch
24:04 Horse Collar
28:33 Wheelbarrow
28:01 Bodkin Arrow
28:06 Padded Archer Armor
29:06 Bloodlines
28:56 Husbandry
30:21 Ballistics
31:02 Hand Cart
33:58 Imperial Age
32:18 Gillnets
33:13 Leather Archer Armor
34:46 Bracer
35:47 Chemistry
34:15 Elite Mangudai
36:56 Caravan
37:27 Coinage
38:06 Forging
38:02 Scale Barding Armor
37:59 Heavy Plow
37:39 Onager
38:55 Conscription
39:37 Hoardings
39:52 Capped Ram
39:53 Onager
41:05 Banking
41:51 Parthian Tactics
40:56 Siege Ram
42:55 Iron Casting
42:40 Chain Barding Armor
42:47 Masonry
43:09 Drill
47:52 Murder Holes
50:15 Blast Furnace
50:01 Herbal Medicine
52:48 Light Cavalry
54:29 Blast Furnace
54:47 Hussar
Connection lost

Rejoining the realm…

Still unreachable

The connection could not be restored.

Session expired

The server has moved on; the page needs a fresh start.